 Dungeon Crawl Stone Soup version 0.21.0 (webtiles) character file.

1623883 biblin the Conqueror (level 27, 179/179 HPs)
             Began as a Gargoyle Berserker on Jan 10, 2018.
             Was a High Priest of Trog.
             Escaped with the Orb
             ... and 3 runes on Jan 12, 2018!
             The game lasted 09:14:41 (88963 turns).

biblin the Conqueror (Gargoyle Berserker)          Turns: 88963, Time: 09:14:42

Health: 179/179    AC: 68    Str: 31    XL:     27
Magic:  31/31      EV: 15    Int: 20    God:    Trog [*****.]
Gold:   8876       SH:  6    Dex: 17    Spells: 26/26 levels left

rFire    + + .     SeeInvis +   J - +9 great mace "Acros" {crush, +Inv Dex+3}
rCold    + + +     Gourm    .   (shield currently unavailable)
rNeg     + . .     Faith    .   S - +11 gold dragon scales
rPois    ∞         Spirit   +   v - +3 crown of Dyrovepreva {rElec Int+2 SInv}
rElec    +         Reflect  +   D - scarf {Spirit}
rCorr    .         Harm     .   z - +2 pair of gloves
MR       ++...     Clarity  +   M - +1 pair of boots of Rasa {rPois Dex+4}
Stlth    ..........             P - amulet "Lulidwej" {Reflect Fragile rC+ Int+7 SH+6 Stlth+}
HPRegen  0.39/turn              s - +5 ring of slaying
MPRegen  0.22/turn              V - ring "Zietam" {rPois rF+ Dex+3 Stlth+}

@: no status effects
A: big wings, hooves 1, horns 1, clarity, clumsy 1, cold resistance 1, frail 1,
low mp 1, negative energy resistance 1, electricity resistance, wild magic 2,
unbreathing, petrification resistance, rot immunity, AC +20
0: Orb of Zot
}: 3/15 runes: decaying, serpentine, silver
a: Fly, Berserk, Trog's Hand, Brothers in Arms, Burn Spellbooks, Renounce
Religion, Evoke Invisibility


You escaped.
You worshipped Trog.
Trog was extremely pleased with you.
You were not hungry.

You visited 10 branches of the dungeon, and saw 50 of its levels.
You visited the Abyss 2 times.
You also visited: Labyrinth and Trove.

You collected 9227 gold pieces.
You spent 351 gold pieces at shops.

Inventory:

Hand Weapons
 J - the +9 great mace "Acros" (weapon) {crush, +Inv Dex+3}
   (Trog gifted it to you on level 2 of the Abyss)

   It inflicts extra damage upon your enemies.
   It affects your dexterity (+3).
   It lets you turn invisible.
 T - a +4 demon whip of flaming
Missiles
 j - 60 tomahawks (quivered)
Armour
 v - the +3 crown of Dyrovepreva (worn) {rElec Int+2 SInv}
   (You found it on level 3 of the Elven Halls)

   It affects your intelligence (+2).
   It insulates you from electricity.
   It lets you see invisible.
 z - a +2 pair of gloves (worn)
 D - a scarf of spirit shield (worn)
 G - the +2 cloak "Juth" {*Contam MR+ Str+2 Dex+2}
   (You bought it in a shop on level 2 of the Orcish Mines)

   It affects your strength (+2).
   It affects your dexterity (+2).
   It affects your resistance to hostile enchantments.
   It causes magical contamination when unequipped.
 M - the +1 pair of boots of Rasa (worn) {rPois Dex+4}
   (You acquired it on level 3 of the Depths)

   It affects your dexterity (+4).
   It protects you from poison.
 S - +11 gold dragon scales (worn)
 Z - a +1 buckler of cold resistance
Jewellery
 m - an uncursed ring of positive energy
 s - a +5 ring of slaying (left hand)
 x - an uncursed ring of protection from magic
 B - the ring "Ujuu" {rPois rC+ Str+2}
   (You found it on level 2 of the Depths)

   [ring of poison resistance]

   It affects your strength (+2).
   It protects you from cold.
   It protects you from poison.
 P - the amulet "Lulidwej" (around neck) {Reflect Fragile rC+ Int+7 SH+6 Stlth+}
   (You found it on level 5 of the Lair of Beasts)

   [amulet of reflection]

   It shields you and reflects attacks.
   It affects your intelligence (+7).
   It protects you from cold.
   It will be destroyed if unequipped.
   It affects your SH (+6).
   It makes you more stealthy.
 U - an uncursed ring of resist corrosion
 V - the ring "Zietam" (right hand) {rPois rF+ Dex+3 Stlth+}
   (You found it on level 6 of the Lair of Beasts)

   [ring of protection from fire]

   It affects your dexterity (+3).
   It protects you from fire.
   It protects you from poison.
   It makes you more stealthy.
Wands
 a - a wand of paralysis (119)
 l - a wand of flame (67)
 p - a wand of clouds (6)
 q - a wand of iceblast (43)
 A - a wand of random effects (23)
 C - a wand of acid (84)
 E - a wand of disintegration (42)
 F - a wand of digging (63)
 L - a wand of enslavement (23)
 Q - a wand of scattershot (18)
 R - a wand of polymorph (46)
Scrolls
 b - 13 scrolls of enchant weapon
 d - a scroll of holy word
 g - 19 scrolls of remove curse
 i - a scroll of brand weapon
 k - 3 scrolls of fear
 n - 9 scrolls of teleportation
 r - 12 scrolls of identify
 u - 3 scrolls of enchant armour
 w - 6 scrolls of fog
 K - 11 scrolls of blinking
 X - 9 scrolls of magic mapping
Potions
 e - 4 potions of invisibility
 f - 2 potions of mutation
 h - 21 potions of curing
 o - 5 potions of ambrosia
 t - 5 potions of might
 N - 3 potions of resistance
 O - 4 potions of agility
Comestibles
 c - 59 rations


   Skills:
 O Level 27 Fighting
 O Level 27 Maces & Flails
 O Level 27 Armour
 + Level 11.5 Dodging
 - Level 15.0 Shields
 - Level 17.0 Evocations


You had 26 spell levels left.
You didn't know any spells.

Dungeon Overview and Level Annotations

Branches:
Dungeon (15/15)            Temple (1/1) D:7            Lair (6/6) D:10
  Swamp (4/4) Lair:3        Snake (4/4) Lair:4        Slime (0/5) Lair:5
    Orc (2/2) D:11            Elf (3/3) Orc:2        Vaults (5/5) D:13
  Crypt (0/3) Vaults:3     Depths (5/5) D:15            Zot (5/5) Depths:5

Altars:
Ashenzari
Cheibriados
Dithmenos
Elyvilon
Fedhas
Gozag
Hepliaklqana
Kikubaaqudgha
Makhleb
Nemelex Xobeh
Okawaru
Qazlal
Ru
Sif Muna
Trog
Uskayaw
Vehumet
Wu Jian
Xom
Yredelemnul
Zin
The Shining One
Lugonu

Shops:
Orc:2 ?[[[   Snake:1 =   Snake:2 :}[[   Vaults:1 %   Depths:1 ?

Portals:
Hell: Depths:1 Depths:2 Depths:3 Depths:4 Depths:5
Abyss: Depths:1 Depths:2 Depths:4 Depths:5
Pandemonium: Depths:2 Depths:3 Depths:5
Ziggurat: Depths:3

Annotations:
D:6 Sigmund
D:8 Maurice
Elf:2 5 runed doors
Depths:3 exclusion: ice statue
Zot:4 exclusion: lightning spire


Innate Abilities, Weirdness & Mutations

You are resistant to torment.
Your stone body is resilient. (AC +20)
You are immune to poison.
Your large and strong wings let you fly indefinitely.
You resist negative energy. (rN+)
You are resistant to electric shocks. (rElec)
You can survive without breathing.
You are immune to petrification.
You are immune to rotting.
You have large cloven feet.
You have a pair of small horns on your head.
You possess an exceptional clarity of mind.
You are clumsy. (Dex -2)
Your flesh is cold resistant. (rC+)
You are frail. (-10% HP)
Your magical capacity is low. (-10% MP)
Your spells are harder to cast, but more powerful.


Message History

Taes hits you! A mysterious force pulls you upwards.
The hatch slams shut behind you.
Magic restored.
A sixfirhy comes into view.
You barely miss the sixfirhy. Your headbutt misses the sixfirhy.
You miss the sixfirhy. Your headbutt misses the sixfirhy.
You pound the sixfirhy like an anvil!!!
You kill the sixfirhy!
Trog accepts your kill.
You see here a club.
HP restored.
There is an open door here.
You open the door.
There is an open door here.
You open the door.
There is an open door here.
There is an open door here.
An ice devil comes into view.
There is a staircase leading out of the dungeon here.
You have escaped!

#..........# #......#
#..........# #......#
###.#####.#### #......#
#.#####....########......#
#####.#..............##......###
#..........#'#######..'......+..
#>.........'.'.....####......#..
#.###.#.#..#.##'##.# #......#..
#.# #.#.#..#.#.@.#.# #......#..
#.# #.#.#..#.#...#.# #####.....
#.# #.#.#..#.##4##.# ###...##..
#.# #.#.##.#...LX..####...####..
#.###.#..(.##########...### #..
#.#.....##............### #..
##.#.#.#.############### ##.
#......#.# ## #...####.# #


You could see a lich, a large abomination and an ice devil.

Vanquished Creatures
  A pandemonium lord (Zot:4)
  2 orbs of fire (Zot:5)
  Mara (Depths:3)
  4 ancient liches
  A juggernaut (Depths:3)
  Bai Suzhen (Swamp:3)
  2 curse toes (Zot:4)
  6 Killer Klowns (Zot:5)
  Margery (Vaults:5)
  10 caustic shrikes
  10 golden dragons
  A profane servitor (Abyss:3)
  2 bone dragons (Abyss:3)
  the Enchantress (Depths:1)
  Nikola (Elf:2)
  9 electric golems
  Jorgrun (Vaults:5)
  24 tentacled monstrosities
  26 Orb Guardians
  A Hell Sentinel (Zot:1)
  3 liches
  Rupert (D:13)
  2 deep elf blademasters (Elf:3)
  7 quicksilver dragons
  7 titans
  16 death cobs
  An Executioner (D:14)
  14 tentacled starspawn
  6 sphinxes
  Gastronok (Orc:1)
  2 deep elf master archers (Elf:3)
  2 thorn hunters (Swamp:4)
  Agnes (Snake:3)
  13 draconian monks
  9 shadow dragons
  Kirke (D:14)
  6 tengu reavers
  15 storm dragons
  A daeva (Abyss:2)
  8 fire giants
  8 nagarajas
  12 vault wardens
  3 ghost moths
  3 iron dragons
  5 draconian scorchers
  8 frost giants
  6 draconian knights
  8 deep elf sorcerers
  3 balrugs
  5 draconian annihilators
  5 deep elf elementalists
  4 draconian stormcallers
  2 cacodemons (Abyss:3)
  8 draconian shifters
  2 reapers (Depths:3)
  11 ironheart preservers
  5 spriggan defenders
  27 very ugly things
  24 stone giants
  4 vampire knights
  4 deep elf annihilators
  12 deep elf demonologists
  16 black draconians
  7 white draconians
  4 lorocyprocas
  10 green draconians
  Azrael (D:12)
  13 purple draconians
  18 spark wasps
  14 red draconians
  11 yellow draconians
  A spark wasp (shapeshifter) (Vaults:4)
  2 blizzard demons
  An ettin (shapeshifter) (Depths:4)
  A crystal guardian (Vaults:1)
  Josephine (D:13)
  17 ettins
  3 deep elf death magi
  10 fire dragons
  3 jiangshi
  4 merfolk impalers
  8 great orbs of eyes
  23 yaktaur captains
  10 deep elf high priests
  27 vault guards
  15 naga warriors
  Harold (D:12)
  11 ice dragons
  5 rakshasas
  29 hydras
  The ghost of ultrashaft the Cruncher, a journeyman DsGl of Makhleb (D:11)
  A merfolk avatar (Abyss:1)
  2 ghost crabs
  48 two-headed ogres
  7 spriggan air magi
  3 death yaks (Lair:6)
  14 centaur warriors
  10 anacondas
  8 alligators
  4 death knights
  14 dancing weapons
  2 vampire magi
  15 tengu warriors
  13 ogre magi
  18 thrashing horrors
  4 deep troll earth magi
  Urug (D:15)
  9 deep troll shamans
  A shock serpent (shapeshifter) (Vaults:5)
  A storm dragon zombie (Abyss:3)
  5 soul eaters
  11 shock serpents
  4 naga sharpshooters
  5 orc high priests (Orc:2)
  The ghost of Danakh the Cleaver, a novice GrFi of Okawaru (D:7)
  Sonja (D:12)
  24 deep elf knights
  A fire crab (Elf:1)
  13 sun demons
  4 hell knights
  10 spriggan berserkers
  11 sixfirhies
  12 wretched stars
  3 shadow wraiths
  14 skeletal warriors
  4 iron trolls
  A storm dragon skeleton (Vaults:5)
  A quicksilver dragon simulacrum (Depths:3)
  10 spatial maelstroms
  2 spriggan druids
  29 deep trolls
  5 flayed ghosts
  3 sea snakes
  A sea snake (shapeshifter) (Elf:1)
  4 naga ritualists
  8 glowing orange brains
  A glowing orange brain (shapeshifter) (D:14)
  An infernal demonspawn (Depths:2)
  2 shadow demons
  A shambling mangrove (Swamp:4)
  9 unseen horrors
  36 large abominations
  15 deep elf archers
  9 ironbrand convokers
  9 swamp dragons
  A harpy (shapeshifter) (D:15)
  6 wizards
  7 necromancers
  2 lindwurms
  4 phantasmal warriors
  21 orc knights
  7 mana vipers
  A wolf spider (shapeshifter) (Vaults:4)
  4 orc sorcerers
  63 deep elf magi
  A shining eye (shapeshifter) (Elf:3)
  A cyclops (shapeshifter) (Elf:3)
  3 manticores
  7 wolf spiders
  8 worldbinders
  8 cyclopes
  20 moths of wrath
  A frost giant zombie (Abyss:4)
  96 ugly things
  A black mamba (shapeshifter) (Depths:4)
  16 elephants
  3 salamanders
  A shining eye (Abyss:3)
  19 naga magi
  A tengu skeleton (Vaults:5)
  26 black mambas
  A moth of wrath (shapeshifter) (Vaults:1)
  2 apocalypse crabs
  10 rust devils
  4 centaur zombies
  An elephant (shapeshifter) (Depths:3)
  20 vault sentinels
  An iron dragon skeleton (Abyss:3)
  2 molten gargoyles (Elf:1)
  2 guardian serpents
  17 smoke demons
  A gargoyle (D:15)
  17 spiny frogs
  A spiny frog (shapeshifter) (Vaults:5)
  A hellion (Zot:4)
  3 orange demons
  A torpor snail (shapeshifter) (Vaults:4)
  3 efreet
  14 freezing wraiths
  6 komodo dragons
  47 yaktaurs
  2 kobold demonologists
  3 tormentors
  4 rime drakes
  A komodo dragon (shapeshifter) (Depths:3)
  2 ice devils
  2 yaktaur skeletons (Vaults:4)
  11 ancient zymes
  9 tengu conjurers
  A demonic crawler (Abyss:3)
  4 red devils
  A wind drake (shapeshifter) (Vaults:1)
  3 polar bears (Lair:5)
  6 trolls
  6 tyrant leeches
  15 hornets
  A polar bear (shapeshifter) (Depths:2)
  A wind drake (Lair:6)
  24 raiju
  A blink frog (shapeshifter) (Elf:1)
  8 bog bodies
  7 hippogriffs
  13 blink frogs
  A meliai zombie (D:14)
  47 slime creatures
  8 dream sheep
  An ettin zombie (Abyss:3)
  11 spriggans
  A spriggan (shapeshifter) (Abyss:4)
  7 shadows
  A vampire (D:12)
  21 water elementals
  A wyvern (shapeshifter) (Vaults:2)
  7 flying skulls (Abyss:3)
  9 air elementals
  9 fire elementals
  A hog (shapeshifter) (Vaults:4)
  A human (shapeshifter) (D:14)
  6 basilisks
  7 ynoxinuls
  12 wraiths
  4 wyverns
  A basilisk (shapeshifter) (Vaults:3)
  27 yaks
  17 vampire mosquitoes
  A golden eye (shapeshifter) (Depths:1)
  4 fire bats (Abyss:3)
  7 neqoxecs
  2 human simulacra
  4 golden eyes
  4 hungry ghosts
  4 chaos spawn
  Menkaure (D:5)
  14 spatial vortices
  6 wargs
  64 nagas
  11 insubstantial wisps
  33 swamp worms
  3 acid dragons
  9 hell hounds
  17 water moccasins
  A soldier ant (D:10)
  A soldier ant (shapeshifter) (Abyss:3)
  9 swamp drakes
  4 porcupines
  53 orc warriors
  2 black bears
  4 sky beasts
  The ghost of Ryco the Skirmisher, an amateur MiFi (D:3)
  3 ettin simulacra (Depths:3)
  5 ice beasts
  An ice beast (shapeshifter) (D:15)
  A fire dragon simulacrum (Abyss:3)
  2 eyes of draining
  2 necrophages
  64 starcursed masses
  9 boggarts
  A phantom (D:11)
  42 ogres
  7 wolves
  17 centaurs
  8 crocodiles
  25 small abominations
  2 big kobolds (Depths:2)
  15 bullfrogs
  4 earth elementals
  A hornet simulacrum (D:15)
  6 scorpions
  An elf simulacrum (Vaults:2)
  A swamp dragon simulacrum (Abyss:2)
  A troll zombie (D:11)
  A snapping turtle simulacrum (Abyss:3)
  8 killer bees
  A troll skeleton (Abyss:3)
  2 electric eels
  2 howler monkeys
  9 wights
  10 crimson imps
  A bullfrog zombie (D:11)
  4 quasits
  2 lava snakes (Elf:1)
  13 centaur skeletons
  9 jellies
  39 orc priests
  A bullfrog skeleton (D:13)
  2 gnoll shamans (D:4)
  7 hounds
  2 iron imps (Abyss:3)
  30 orc wizards
  Terence (D:3)
  3 iguanas
  4 lightning spires (Zot:4)
  13 worker ants
  5 ogre zombies (D:11)
  A hound zombie (D:7)
  2 hound skeletons
  A worker ant zombie (D:9)
  16 gnolls
  15 adders
  6 shadow imps
  8 white imps
  7 ufetubi
  An ooze (D:2)
  5 worms
  A dart slug (D:3)
  10 leopard geckos
  103 orcs
  4 giant cockroaches
  9 hobgoblins
  4 jackals
  5 kobolds
  3 quokkas
  2 ball pythons
  8 bats
  2 frilled lizards
  2 goblins
  5 goblin skeletons (D:11)
  A goblin zombie (D:11)
  A hobgoblin zombie (D:11)
  A leopard gecko skeleton (D:4)
  2 orc skeletons (D:11)
  5 orc zombies (D:11)
  7 rats
  8 starspawn tentacles
2800 creatures vanquished.

Vanquished Creatures (collateral kills)
  A tentacled monstrosity (Zot:4)
  2 titans (Vaults:5)
  A quicksilver dragon (Vaults:5)
  3 shadow dragons (Vaults:5)
  A nagaraja (Snake:2)
  A frost giant (Vaults:5)
  4 vault wardens
  2 ironheart preservers
  A war gargoyle (Vaults:4)
  4 very ugly things
  A black draconian (Zot:4)
  A white draconian (Zot:4)
  A deep elf demonologist (Vaults:5)
  2 deep elf annihilators (Elf:3)
  2 red draconians (Zot:1)
  A minotaur (Lab)
  A fire dragon (Vaults:1)
  2 yaktaur captains
  A great orb of eyes (Vaults:4)
  A rakshasa (Abyss:3)
  A hydra (Swamp:4)
  A naga warrior (Snake:4)
  A vault guard (Vaults:5)
  An anaconda (Snake:3)
  A hydra (shapeshifter) (Vaults:5)
  A merfolk avatar (Lair:6)
  4 two-headed ogres
  3 ogre magi
  A naga sharpshooter (Snake:4)
  A deep elf knight (Vaults:5)
  A hell knight (Vaults:5)
  2 deep trolls (Vaults:5)
  A naga ritualist (Snake:3)
  4 deep elf magi
  2 ironbrand convokers
  2 deep elf archers (Vaults:5)
  A salamander (Snake:2)
  4 ugly things
  An elephant (Lair:6)
  A cyclops (D:11)
  5 black mambas (Snake:3)
  3 naga magi (Snake:2)
  2 vault sentinels
  An efreet (Depths:3)
  3 yaktaurs
  A blink frog (Abyss:3)
  A water elemental (Vaults:4)
  A fire elemental (D:12)
  3 nagas
  3 swamp worms (Swamp:3)
  A naga (shapeshifter) (Abyss:3)
  2 hell hounds
  2 orc warriors (Vaults:5)
  A black bear (shapeshifter) (Abyss:3)
  An ogre (Vaults:4)
  A wight (D:8)
  9 starcursed masses
  A jelly (D:11)
  An orc wizard (D:8)
  5 orcs
  2 orc skeletons (D:11)
  3 orc zombies (D:11)
119 creatures vanquished.

Vanquished Creatures (others)
  A storm dragon (Zot:4)
  2 black draconians (Zot:4)
  A quicksilver dragon simulacrum (Depths:3)
  A spriggan druid (Swamp:4)
  2 deep elf archers
  A wizard (Abyss:3)
  A black mamba (Snake:2)
  5 yaktaurs
  A red devil (Zot:4)
  A spriggan (Swamp:3)
  2 humans (D:14)
  A golden eye (Abyss:2)
  A naga (Snake:2)
  An ettin simulacrum (Depths:3)
  An iguana (D:15)
  An ufetubus (Abyss:2)
  5 ball lightnings (Zot:4)
  An orc (Vaults:5)
  4 demonic plants (Abyss:3)
  10 fungi
  2 lurking horrors (Abyss:3)
  69 plants
  28 starspawn tentacles
142 creatures vanquished.

Grand Total: 3061 creatures vanquished

Notes
Turn   | Place    | Note
-------+----------+-------------------------------------------
     0 | D:1      | biblin the Gargoyle Berserker began the quest for the Orb.
     0 | D:1      | Reached XP level 1. HP: 14/14 MP: 1/1
   275 | D:1      | Reached XP level 2. HP: 15/19 MP: 2/2
   650 | D:2      | Reached XP level 3. HP: 12/24 MP: 3/3
   889 | D:2      | Found a glowing golden altar of the Shining One.
   994 | D:2      | Reached ** piety under Trog
  1061 | D:2      | Reached XP level 4. HP: 22/29 MP: 4/4
  1511 | D:3      | Found a shadowy altar of Dithmenos.
  1766 | D:3      | Reached XP level 5. HP: 32/33 MP: 5/5
  1852 | D:3      | Noticed Ryco's ghost (amateur MiFi)
  2582 | D:3      | Found a shimmering altar of Xom.
  2584 | D:3      | Noticed Terence
  2593 | D:3      | Killed Terence
  2727 | D:3      | Reached XP level 6. HP: 39/39 MP: 4/6
  3174 | D:4      | Reached *** piety under Trog
  3208 | D:4      | Reached skill level 5 in Maces & Flails
  3512 | D:4      | Reached XP level 7. HP: 40/44 MP: 7/7
  3720 | D:4      | Found a radiant altar of Vehumet.
  3749 | D:4      | Found a burning altar of Makhleb.
  3867 | D:5      | Entered Level 5 of the Dungeon
  3879 | D:4      | Reached skill level 5 in Fighting
  4413 | D:5      | Reached XP level 8. HP: 47/50 MP: 8/8
  4599 | D:5      | Noticed Menkaure
  4751 | D:5      | Reached **** piety under Trog
  4895 | D:5      | Killed Menkaure
  5122 | D:6      | Reached skill level 5 in Armour
  5420 | D:6      | Reached XP level 9. HP: 55/55 MP: 9/9
  5454 | D:6      | Noticed Sigmund
  6083 | D:7      | Noticed Danakh's ghost (novice GrFi)
  6229 | D:7      | Found a staircase to the Ecumenical Temple.
  6535 | D:7      | Found an ornate altar of the Wu Jian Council.
  6831 | Temple   | Entered the Ecumenical Temple
  7092 | D:7      | Killed Danakh's ghost
  7092 | D:7      | Reached skill level 10 in Maces & Flails
  7210 | D:7      | Reached ***** piety under Trog
  7697 | D:7      | Reached XP level 10. HP: 61/63 MP: 6/10
  8126 | D:8      | Noticed a two-headed ogre
  8143 | D:8      | Killed a two-headed ogre
  8354 | D:8      | Paralysed by a wight for 2 turns
  8360 | D:8      | Paralysed by a wight for 4 turns
  8438 | D:8      | Noticed Maurice
  8583 | D:9      | Noticed a brown ugly thing
  8603 | D:9      | Killed a brown ugly thing
  9228 | D:10     | Entered Level 10 of the Dungeon
  9464 | D:10     | Reached XP level 11. HP: 69/69 MP: 11/11
  9570 | D:10     | Found a sacrificial altar of Ru.
  9629 | D:10     | Received a gift from Trog
  9718 | D:10     | Noticed a vault guard
  9725 | D:10     | Killed a vault guard
  9766 | D:10     | Found a portal to a secret trove of treasure.
  9870 | D:10     | Found a staircase to the Lair.
 10245 | Lair:1   | Entered Level 1 of the Lair of Beasts
 11169 | Lair:2   | Found a dark tunnel.
 11184 | Lair:2   | Found a labyrinth entrance.
 11193 | Lab      | Entered a labyrinth
 11776 | Lab      | Noticed a minotaur
 11780 | Lab      | Killed a minotaur
 11780 | Lab      | Reached skill level 10 in Armour
 11825 | Lab      | Identified the Papyrus of Confrontation
 12441 | Lair:3   | Found a shimmering altar of Xom.
 12477 | Lair:3   | Noticed a five-headed hydra
 12788 | D:11     | Noticed ultrashaft's ghost (journeyman DsGl)
 12803 | D:11     | Killed ultrashaft's ghost
 12823 | D:11     | Noticed a two-headed ogre
 12834 | D:11     | Killed a two-headed ogre
 13025 | D:11     | Reached XP level 12. HP: 75/77 MP: 4/12
 13032 | D:11     | Found a staircase to the Orcish Mines.
 13044 | D:11     | Reached skill level 10 in Fighting
 13122 | D:11     | Received a gift from Trog
 13292 | D:11     | You fall through a shaft!
 14046 | D:12     | Noticed Azrael
 14252 | D:13     | Found a corrupted altar of Lugonu.
 14428 | Orc:1    | Entered Level 1 of the Orcish Mines
 14498 | Orc:1    | Noticed Gastronok
 14638 | Lair:3   | Found a staircase to the Swamp.
 14736 | Lair:3   | Killed a five-headed hydra
 14922 | Lair:3   | Noticed an eight-headed hydra
 14933 | Lair:3   | Killed an eight-headed hydra
 15352 | Lair:4   | Noticed a five-headed hydra
 15363 | Lair:4   | Killed a five-headed hydra
 15372 | Lair:4   | Noticed a four-headed hydra
 15381 | Lair:4   | Killed a four-headed hydra
 15381 | Lair:4   | Reached XP level 13. HP: 63/85 MP: 11/13
 15558 | Lair:4   | Got a slimy bronze ring
 15577 | Lair:4   | Identified the ring of Doors {rPois rC+ MP+9 Str-3 Dex+8} (You found it on level 4 of the Lair of Beasts)
 15595 | Lair:4   | Found a staircase to the Snake Pit.
 16018 | Lair:4   | Reached skill level 15 in Maces & Flails
 16732 | Lair:5   | Reached ****** piety under Trog
 16770 | Lair:5   | Received a gift from Trog
 16776 | Lair:5   | Found a staircase to the Slime Pits.
 16949 | Lair:5   | Got a flickering golden amulet
 17635 | Lair:6   | Entered Level 6 of the Lair of Beasts
 18281 | Lair:6   | Gained mutation: Your large and strong wings let you fly indefinitely. [Gargoyle growth]
 18281 | Lair:6   | Reached XP level 14. HP: 92/92 MP: 14/14
 18986 | Lair:6   | Got a colourful robe
 19327 | Lair:6   | Got a crude steel ring
 19334 | Lair:6   | Got an encrusted long sword
 19625 | Swamp:1  | Entered Level 1 of the Swamp
 20037 | D:10     | Identified the ring "Zietam" {rPois rF+ Dex+3 Stlth+} (You found it on level 6 of the Lair of Beasts)
 20101 | Orc:1    | Killed Gastronok
 20205 | Orc:2    | Entered Level 2 of the Orcish Mines
 20666 | Orc:2    | Found a staircase to the Elven Halls.
 21047 | Orc:2    | Received a gift from Trog
 21839 | Orc:1    | Found a deep blue altar of Sif Muna.
 21965 | Orc:2    | Found a bloodstained altar of Trog.
 22586 | Orc:2    | Received a gift from Trog
 22796 | Orc:2    | Reached XP level 15. HP: 100/100 MP: 15/15
 23215 | Orc:2    | Found Roem's Armour Emporium.
 23215 | Orc:2    | Found Ruekut's Antique Armour Emporium.
 23217 | Orc:2    | Found Yleghal's Antique Armour Shoppe.
 23217 | Orc:2    | Found Luec Bui's Magic Scroll Emporium.
 23231 | Orc:2    | Bought a scroll of identify for 28 gold pieces
 23232 | Orc:2    | Bought a heavily runed cloak for 323 gold pieces
 23232 | Orc:2    | Identified the amulet "Lulidwej" {Reflect Fragile rC+ Int+7 SH+6 Stlth+} (You found it on level 5 of the Lair of Beasts)
 23240 | Orc:2    | Identified the +2 cloak "Juth" {*Contam MR+ Str+2 Dex+2} (You bought it in a shop on level 2 of the Orcish Mines)
 23250 | Orc:2    | Identified the cursed +1 robe of the Maze {*Drain Str-2 Int+4 Stlth+} (You found it on level 6 of the Lair of Beasts)
 23663 | Swamp:1  | Got an iridescent mace
 23830 | Swamp:1  | Found a glowing golden altar of the Shining One.
 24993 | Swamp:2  | Received a gift from Trog
 25103 | Swamp:2  | Identified the cursed +0 mace "Hydraslayer" {crush, +Blink} (You found it on level 1 of the Swamp)
 25326 | Swamp:2  | Identified the +7 long sword "Reoma" {freeze, +Rage Dex+3} (You found it on level 6 of the Lair of Beasts)
 25731 | Swamp:3  | Noticed Bai Suzhen
 26330 | Snake:1  | Entered Level 1 of the Snake Pit
 26692 | Snake:1  | Found Meho's Jewellery Shop.
 26713 | Snake:1  | Got a pitted plate armour
 26769 | Lair:4   | Identified the cursed +1 plate armour of Gravitas {-Tele rPois rC+ Str+3} (You found it on level 1 of the Snake Pit)
 27798 | Snake:1  | Reached XP level 16. HP: 100/107 MP: 10/16
 27852 | Snake:2  | Noticed a nagaraja
 27870 | Snake:2  | Killed a nagaraja
 28064 | Snake:2  | Noticed a nagaraja
 28074 | Snake:2  | Killed a nagaraja
 28074 | Snake:2  | Reached skill level 15 in Fighting
 28355 | Snake:2  | Received a gift from Trog
 28394 | Snake:2  | Found Opleben's Antique Armour Emporium.
 28396 | Snake:2  | Found Qaockula's Antique Armour Emporium.
 28396 | Snake:2  | Found Plog's Gadget Shoppe.
 28432 | Snake:2  | Found Paugam's Book Shoppe.
 29389 | Snake:3  | Reached XP level 17. HP: 115/115 MP: 17/17
 29515 | Snake:3  | Noticed Agnes
 29552 | Snake:3  | Killed Agnes
 29776 | Snake:4  | Entered Level 4 of the Snake Pit
 29900 | Snake:4  | Reached skill level 15 in Armour
 30741 | Snake:4  | Received a gift from Trog
 31034 | Snake:4  | Reached XP level 18. HP: 92/122 MP: 18/18
 31996 | Snake:4  | Got a serpentine rune of Zot
 32353 | D:12     | Noticed Sonja
 32422 | Elf:1    | Entered Level 1 of the Elven Halls
 33166 | Elf:1    | Received a gift from Trog
 33167 | Elf:1    | Got an encrusted triple crossbow {god gift}
 33807 | Elf:1    | Identified the Handbook of the Blaze
 35180 | Elf:2    | Noticed a Brimstone Fiend
 35195 | Elf:2    | Received a gift from Trog
 35257 | Elf:2    | Noticed Nikola
 35275 | Elf:2    | Killed Nikola
 35418 | Elf:2    | Found a huge runed gate.
 35418 | Elf:2    | Found a huge runed gate.
 35418 | Elf:2    | Found a huge runed gate.
 35420 | Elf:2    | Found a huge runed gate.
 35421 | Elf:2    | Found a huge runed gate.
 35747 | Elf:3    | Entered Level 3 of the Elven Halls
 35763 | Elf:3    | Reached XP level 19. HP: 131/131 MP: 6/19
 37090 | Elf:3    | Received a gift from Trog
 37204 | Elf:3    | Got a bronze chain mail
 37205 | Elf:3    | Identified the +8 triple crossbow of Gallantry {speed, -Tele rPois Dex+2} (Trog gifted it to you on level 1 of the Elven Halls)
 37240 | Elf:3    | Noticed a Brimstone Fiend
 38310 | Elf:3    | Got a slimy plate armour
 38336 | Elf:3    | Identified the +0 plate armour of the Untouchables {*Contam +Blink Int+2} (You took it off a deep elf master archer on level 3 of the Elven Halls)
 38428 | Elf:3    | Got an ancient marble ring
 38451 | Elf:3    | Found the +3 crown of Dyrovepreva {rElec Int+2 SInv}
 38519 | Elf:3    | Got a transparent tin ring
 38535 | Elf:3    | Identified the ring "Ekhlaliri" {+Fly rN+ MP+9 Dex-3} (You found it on level 3 of the Elven Halls)
 38537 | Elf:3    | Identified the ring "Marawn" {Wiz rElec Slay+3} (You found it on level 3 of the Elven Halls)
 38577 | Elf:3    | Identified the cursed +1 chain mail of Wariness {rElec Int+3} (You took it off a deep elf blademaster on level 3 of the Elven Halls)
 39147 | Swamp:3  | Killed Bai Suzhen
 39147 | Swamp:3  | Reached skill level 1 in Evocations
 39160 | Swamp:3  | Received a gift from Trog
 39635 | Swamp:4  | Entered Level 4 of the Swamp
 40104 | Swamp:4  | Reached XP level 20. HP: 140/140 MP: 7/21
 40837 | Swamp:4  | Got a pair of smoking boots
 40857 | Swamp:4  | Got a decaying rune of Zot
 41112 | Swamp:4  | Identified the +0 pair of boots of Motehupe {Int+5} (You found it on level 4 of the Swamp)
 41520 | D:13     | Noticed Rupert
 41539 | D:13     | Killed Rupert
 41609 | D:13     | Found a transporter.
 41627 | D:13     | Received a gift from Trog
 41807 | D:13     | Found a gate to the Vaults.
 41968 | D:13     | Noticed Josephine
 41977 | D:13     | Killed Josephine
 42807 | D:14     | Noticed Kirke
 42815 | D:14     | Killed Kirke
 43243 | D:15     | Entered Level 15 of the Dungeon
 43811 | D:15     | Received a gift from Trog
 43832 | D:15     | Got a twisted hunting sling {god gift}
 43833 | D:15     | Identified the +1 hunting sling of Killer Bee's Regret {speed, rC+} (Trog gifted it to you on level 15 of the Dungeon)
 44102 | D:15     | Paralysed by an orc sorcerer for 6 turns
 44301 | D:15     | Found a staircase to the Depths.
 44429 | D:15     | Noticed Urug
 44442 | D:15     | Killed Urug
 44656 | Vaults:1 | Entered Level 1 of the Vaults
 45283 | Vaults:1 | Reached XP level 21. HP: 148/149 MP: 7/22
 45685 | Vaults:1 | Found Cyhuare's Food Shop.
 46520 | Vaults:1 | Received a gift from Trog
 47317 | D:10     | You paid a toll of +3 fire dragon scales to enter a treasure trove
 47318 | Trove    | Entered a treasure trove
 47551 | D:12     | Killed Sonja
 47560 | D:12     | Noticed Harold
 47571 | D:12     | Killed Harold
 47923 | D:12     | Killed Azrael
 48741 | Vaults:2 | Received a gift from Trog
 49698 | Vaults:2 | Received a gift from Trog
 49810 | Vaults:2 | Reached XP level 22. HP: 160/160 MP: 7/23
 50546 | Vaults:3 | Found a staircase to the Crypt.
 51695 | Vaults:3 | Received a gift from Trog
 53256 | Vaults:4 | Paralysed by a great orb of eyes for 4 turns
 53265 | Vaults:4 | Cast into level 3 of the Abyss (vault warden)
 53308 | Abyss:4  | Found a corrupted altar of Lugonu.
 53334 | Abyss:4  | Paralysed by accursed screaming for 1 turns
 53663 | Abyss:4  | Found a hide-covered altar of Uskayaw.
 53746 | Abyss:4  | Paralysed by accursed screaming for 1 turns
 53882 | Vaults:4 | Escaped the Abyss
 54270 | Vaults:4 | Reached XP level 23. HP: 168/168 MP: 8/24
 54618 | Vaults:4 | Received a gift from Trog
 55448 | Vaults:4 | Paralysed by a sphinx for 5 turns
 56224 | Depths:1 | Entered Level 1 of the Depths
 56224 | Depths:1 | Found a gateway to Hell.
 56783 | D:15     | Received a gift from Trog
 57788 | Depths:1 | Found a shattered altar of Ashenzari.
 57889 | Depths:1 | Found Ipulamaqu's Magic Scroll Shop.
 57890 | Depths:1 | Found a one-way gate to the infinite horrors of the Abyss.
 58299 | Depths:2 | Received a gift from Trog
 58577 | Depths:2 | Noticed the Enchantress
 59133 | Depths:1 | Reached XP level 24. HP: 151/178 MP: 7/24
 59378 | Depths:1 | Killed the Enchantress
 59380 | Depths:1 | Got faerie dragon scales
 59605 | Depths:1 | Identified the +0 faerie dragon scales {rCorr Str+7} (You took it off the Enchantress on level 1 of the Depths)
 60655 | Depths:2 | Found a one-way gate leading to the halls of Pandemonium.
 60674 | Depths:2 | Received a gift from Trog
 61281 | Depths:2 | Noticed a caustic shrike
 61286 | Depths:2 | Killed a caustic shrike
 61537 | Depths:2 | Received a gift from Trog
 61582 | Depths:2 | Got a heavily runed turquoise ring
 61618 | Depths:2 | Identified the ring "Ujuu" {rPois rC+ Str+2} (You found it on level 2 of the Depths)
 63314 | Depths:3 | Identified a scroll of acquirement
 63315 | Depths:3 | Got a pair of crude boots
 63326 | Depths:3 | Identified the +1 pair of boots of Rasa {rPois Dex+4} (You acquired it on level 3 of the Depths)
 63432 | Depths:3 | Found a burning altar of Makhleb.
 63550 | Depths:3 | Noticed Mara
 63552 | Depths:3 | Noticed biblin's illusion
 64120 | Depths:3 | Noticed a juggernaut
 64150 | Depths:3 | Killed a juggernaut
 64691 | Depths:3 | Reached skill level 27 in Fighting
 64770 | Depths:3 | Found a white marble altar of Elyvilon.
 64790 | Depths:3 | Reached XP level 25. HP: 187/187 MP: 8/24
 65371 | Depths:3 | Received a gift from Trog
 66099 | Depths:3 | Found a bloodstained altar of Trog.
 66110 | Depths:3 | Found a gateway to a ziggurat.
 66128 | Depths:3 | Found a sacrificial altar of Ru.
 66936 | D:13     | Found a transporter.
 66941 | D:13     | Identified the Papyrus of Noxious Translocation
 66945 | D:13     | Got a wavering tin ring
 66983 | D:13     | Identified the ring of Taij {*Tele Int+3 Slay+3} (You found it on level 13 of the Dungeon)
 67527 | Depths:4 | Received a gift from Trog
 67575 | Depths:4 | Paralysed by a vampire knight for 3 turns
 68785 | Depths:5 | Entered Level 5 of the Depths
 69309 | Depths:5 | Received a gift from Trog
 69621 | Depths:4 | Reached XP level 26. HP: 193/193 MP: 7/24
 70029 | Depths:5 | Received a gift from Trog
 70888 | Depths:5 | Found a gate to the Realm of Zot.
 71457 | Depths:2 | Voluntarily entered the Abyss.
 71467 | Abyss:1  | Noticed an ancient lich
 71479 | Abyss:1  | Found a corrupted altar of Lugonu.
 71679 | Abyss:2  | Reached skill level 1 in Shields
 71957 | Abyss:2  | Gained mutation: Your magical capacity is low. (-10% MP) [a neqoxec]
 71966 | Abyss:2  | Gained mutation: You are frail. (-10% HP) [a neqoxec]
 71972 | Abyss:2  | Gained mutation: You tend to lose your temper in combat. [a neqoxec]
 71991 | Abyss:2  | Received a gift from Trog
 71997 | Abyss:2  | Got a brightly glowing great mace {god gift}
 72001 | Abyss:2  | Identified the +9 great mace "Acros" {crush, +Inv Dex+3} (Trog gifted it to you on level 2 of the Abyss)
 72071 | Abyss:2  | Paralysed by you for 5 turns
 72099 | Abyss:2  | Found a corrupted altar of Lugonu.
 72304 | Abyss:2  | Found a runed door.
 72877 | Abyss:3  | Gained mutation: You are weak. (Str -2) [a neqoxec]
 72947 | Abyss:3  | Received a gift from Trog
 73215 | Abyss:3  | Paralysed by accursed screaming for 2 turns
 73580 | Abyss:3  | Gained mutation: Your flesh is cold resistant. (rC+) [a cacodemon]
 73587 | Abyss:3  | Gained mutation: You are very frail. (-20% HP) [a cacodemon]
 73756 | Abyss:3  | Reached skill level 5 in Shields
 73881 | Abyss:3  | Paralysed by accursed screaming for 1 turns
 73888 | Abyss:3  | Paralysed by accursed screaming for 1 turns
 74112 | Abyss:3  | Reached XP level 27. HP: 159/159 MP: 21/21
 74266 | Abyss:3  | Received a gift from Trog
 74473 | Abyss:3  | Gained mutation: Your magical capacity is very low. (-20% MP) [a neqoxec]
 74564 | Abyss:3  | Gained mutation: Your spells are a little harder to cast, but a little more powerful. [a shining eye]
 74572 | Abyss:3  | Lost mutation: You tend to lose your temper in combat. [a shining eye]
 74649 | Abyss:3  | Gained mutation: You occasionally shout uncontrollably at your foes. [a neqoxec]
 74724 | Abyss:3  | Found a corrupted altar of Lugonu.
 74834 | Abyss:3  | Paralysed by accursed screaming for 1 turns
 75167 | Abyss:3  | Received a gift from Trog
 75228 | Depths:2 | Escaped the Abyss
 75418 | Vaults:4 | Lost mutation: You occasionally shout uncontrollably at your foes. [potion of mutation]
 75418 | Vaults:4 | Lost mutation: Your magical capacity is very low. (-20% MP) [potion of mutation]
 75418 | Vaults:4 | Gained mutation: You possess an exceptional clarity of mind. [potion of mutation]
 75418 | Vaults:4 | Gained mutation: You have large cloven feet. [potion of mutation]
 75419 | Vaults:4 | Lost mutation: You are very frail. (-20% HP) [potion of mutation]
 75419 | Vaults:4 | Lost mutation: You are weak. (Str -2) [potion of mutation]
 75419 | Vaults:4 | Gained mutation: Your spells are harder to cast, but more powerful. [potion of mutation]
 75419 | Vaults:4 | Gained mutation: You have a pair of small horns on your head. [potion of mutation]
 75454 | Vaults:5 | Entered Level 5 of the Vaults
 75656 | Vaults:5 | Noticed Jorgrun
 76041 | Vaults:5 | Reached skill level 27 in Maces & Flails
 76171 | Vaults:5 | Noticed Margery
 76172 | Vaults:5 | Killed Jorgrun
 76183 | Vaults:5 | Received a gift from Trog
 76472 | Vaults:5 | Reached skill level 5 in Evocations
 76640 | Vaults:5 | Killed Margery
 76642 | Vaults:5 | Received a gift from Trog
 76837 | Vaults:5 | Got a smoking golden ring
 76995 | Vaults:5 | Identified the ring of Poluicol {Str+8 Stlth+} (You took it off an ironbrand convoker on level 5 of the Vaults)
 77333 | Vaults:5 | Identified the +1 scale mail of Dogmatism {Int+3} (You found it on level 5 of the Vaults)
 77473 | Vaults:5 | Got a silver rune of Zot
 77511 | Vaults:5 | Identified the +3 bardiche of Terra Nullius {holy, Fragile rPois Dex+9 SInv} (You took it off an ironheart preserver on level 5 of the Vaults)
 77681 | Vaults:5 | Noticed an ancient lich
 77689 | Vaults:5 | Killed an ancient lich
 77709 | Vaults:5 | Identified the +0 pair of boots of Tapywem {rElec rN+ Slay-3} (You found it on level 5 of the Vaults)
 78185 | Zot:1    | Entered Level 1 of the Realm of Zot
 79138 | Zot:1    | Reached skill level 27 in Armour
 79504 | Zot:1    | Received a gift from Trog
 80346 | Zot:2    | Reached skill level 10 in Shields
 80507 | Zot:2    | Identified the ring of Archeder {Ice Str+2 Dex+4} (You took it off a purple draconian on level 2 of the Realm of Zot)
 80551 | Zot:2    | Reached skill level 5 in Dodging
 81111 | Zot:2    | Received a gift from Trog
 82752 | Zot:3    | Reached skill level 10 in Evocations
 84963 | Zot:4    | Reached skill level 15 in Shields
 86159 | Zot:5    | Entered Level 5 of the Realm of Zot
 86315 | Zot:4    | Received a gift from Trog
 86763 | Zot:5    | Reached skill level 10 in Dodging
 87538 | Zot:5    | Noticed an ancient lich
 87548 | Zot:5    | Killed an ancient lich
 87590 | Zot:5    | Noticed an ancient lich
 87592 | Zot:5    | Noticed an ancient lich
 87599 | Zot:5    | Killed an ancient lich
 87599 | Zot:5    | Reached skill level 15 in Evocations
 87616 | Zot:5    | Killed an ancient lich
 87840 | Zot:5    | Noticed an orb of fire
 87846 | Zot:5    | Gained mutation: You are clumsy. (Dex -2) [an orb of fire]
 87852 | Zot:5    | Killed an orb of fire
 88081 | Zot:5    | Received a gift from Trog
 88110 | Zot:5    | Noticed an orb of fire
 88118 | Zot:5    | Killed an orb of fire
 88155 | Zot:5    | Got the Orb of Zot
 88228 | Zot:5    | Noticed Zuymecot the pandemonium lord
 88255 | Zot:4    | Killed Zuymecot the pandemonium lord
 88380 | Zot:1    | Noticed Giuqe the pandemonium lord
 88573 | Depths:3 | Killed Mara
 88583 | Depths:3 | Noticed Imielyl the pandemonium lord
 88833 | D:6      | Noticed Maafeges the pandemonium lord
 88876 | D:3      | Killed Ryco's ghost
 88909 | D:2      | Noticed Taes the pandemonium lord
 88963 | D:$      | Escaped with the Orb!

Skill      XL: |  1  2  3  4  5  6  7  8  9 10 11 12 13 14 15 16 17 18 19 20 21 22 23 24 25 26 27 |
---------------+----------------------------------------------------------------------------------+-----
Dodging        | 2 3 11 | 11.5
Armour         | 3 4 5 7 9 10 11 12 13 14 15 16 17 18 19 20 21 22 23 27 | 27.0
Maces & Flails | 4 5 7 8 10 12 13 14 16 17 19 20 21 22 23 24 25 26 27 | 27.0
Fighting       | 4 5 6 7 8 9 11 12 13 14 15 16 18 20 21 23 24 25 27 | 27.0
Evocations     | 1 17 | 17.0
Shields        | 5 15 | 15.0

Action                   |  1- 3 |  4- 6 |  7- 9 | 10-12 | 13-15 | 16-18 | 19-21 | 22-24 | 25-27 || total
-------------------------+-------+-------+-------+-------+-------+-------+-------+-------+-------++-------
Melee: Mace              |   115 |   212 |   345 |   262 |       |       |       |       |       ||   934
       Dire flail        |       |       |       |   389 |       |       |       |       |       ||   389
       Great mace        |       |       |       |    78 |  1190 |   741 |  1680 |  1790 |  3342 ||  8821
       Headbutt          |       |       |       |       |       |       |       |       |   539 ||   539
Invok: Berserk           |     1 |     5 |     9 |    10 |    12 |     9 |    11 |     8 |    17 ||    82
       Burn Spellbooks   |       |     1 |     1 |     6 |     2 |     1 |     6 |     2 |     7 ||    26
       Brothers in Arms  |       |       |       |     4 |     1 |    10 |    10 |    10 |    21 ||    56
       Trog's Hand       |       |       |       |       |       |       |       |       |    16 ||    16
 Abil: Fly               |       |       |       |       |     1 |       |     1 |       |     1 ||     3
       Stop Flying       |       |       |       |       |       |     1 |       |       |     2 ||     3
Evoke: Wand              |       |       |       |       |       |       |       |       |     4 ||     4
  Use: Scroll            |     4 |     7 |     3 |    17 |     9 |     5 |    11 |    10 |    43 ||   109
       Potion            |       |       |       |     1 |     1 |     1 |     1 |    10 |    18 ||    32
 Stab: Distracted        |       |       |       |       |       |     2 |       |     2 |     3 ||     7
       Invisible         |       |       |       |       |       |       |       |       |     5 ||     5
  Eat: Chunk             |     1 |     9 |    11 |    34 |    39 |    21 |    35 |    40 |    67 ||   257
       Ration            |       |     1 |     3 |     2 |     4 |     5 |     8 |     6 |    13 ||    42
Armor: Leather armour    |    11 |       |       |       |       |       |       |       |       ||    11
       Animal skin       |     1 |       |       |       |       |       |       |       |       ||     1
       Ring mail         |    52 |    79 |       |       |       |       |       |       |       ||   131
       Scale mail        |       |    18 |   216 |    64 |       |       |       |       |       ||   298
       Plate armour      |       |       |       |   445 |   944 |   466 |  1052 |  1512 |   123 ||  4542
       Gold dragon scale |       |       |       |       |       |       |       |       |  2985 ||  2985
Dodge: Dodged            |    94 |   136 |   188 |   254 |   476 |   216 |   513 |   723 |  1310 ||  3910
Block: Other             |       |       |       |       |    82 |   162 |   347 |   485 |   812 ||  1888
       Reflection        |       |       |       |       |     5 |    25 |    39 |    39 |    23 ||   131
